 Dungeon Crawl Stone Soup version 0.19-a0-879-gdac7d08 (webtiles) character file.

8822 Musica the Thaumaturge (level 11, -1/55 HPs)
             Began as a Deep Elf Fire Elementalist on July 4, 2016.
             Was a Believer of Hepliaklqana.
             Slain by Snorg (3 damage)
             ... on level 9 of the Dungeon.
             The game lasted 01:00:43 (8854 turns).

Musica the Thaumaturge (Deep Elf Fire Elementalist) Turns: 8854, Time: 01:00:44

Health: -1/55      AC: 13    Str:  5    XL:     11   Next: 15%
Magic:  22/30      EV: 13    Int: 24    God:    Hepliaklqana [**....]
Gold:   499        SH:  6    Dex: 18    Spells: 5 memorised, 21 levels left

rFire  + . .     SeeInvis .     x - +12 long sword "Pollargh" {pain, Dex+3}
rCold  x . .     Gourm    .     w - +2 robe
rNeg   . . .     Faith    .     (no shield)
rPois  .         Spirit   .     (no helmet)
rElec  .         Dismiss  .     s - +2 cloak {MR+}
rCorr  .         Reflect  +     (no gloves)
SustAt .         Harm     .     o - +1 pair of boots
MR     ++...     Clarity  +     a - +4 amulet of reflection
Stlth  ++........ Rnd*Tele +    r - ring of teleportation (curse)
                                f - ring of fire

@: drained, very resistant to hostile enchantments, unstealthy
A: talons 1, icy blue scales 1, large bone plates 1, rugged brown scales 1,
clarity, wild magic 1
a: Recall Ancestor, Ancestor Identity, Renounce Religion


You were on level 9 of the Dungeon.
You worshipped Hepliaklqana.
Hepliaklqana was pleased with you.
You were not hungry.

You visited 3 branches of the dungeon, and saw 13 of its levels.

You collected 499 gold pieces.

Inventory:

Hand Weapons
 x - the +12 long sword "Pollargh" (weapon) {pain, Dex+3}
   (You found it on level 4 of the Dungeon)

   In the hands of one skilled in necromantic magic, it inflicts extra damage on
   living creatures.
   It affects your dexterity (+3).
 y - a +0 quarterstaff
 I - a +0 blowgun
 J - a +3 scimitar of flaming
Missiles
 g - 11 tomahawks (quivered)
 p - 132 poisoned needles
Armour
 o - a +1 pair of boots (worn)
 s - a +2 cloak of magic resistance (worn)
 w - a +2 robe (worn)
 L - a +2 robe of fire resistance
Jewellery
 a - a +4 amulet of reflection (around neck)
 f - a ring of fire (left hand)
 r - a cursed ring of teleportation (right hand)
Wands
 k - a wand of disintegration (14/24)
 q - a wand of teleportation (8/9)
 D - a wand of slowing (15/48)
 H - a wand of disintegration (14/24)
Scrolls
 e - a scroll of enchant weapon
 h - 3 scrolls of random uselessness
 i - 2 scrolls of immolation
 j - a scroll of teleportation
 t - a scroll of magic mapping
 B - a scroll of fog {unknown}
 C - 5 scrolls of amnesia
 E - 2 scrolls of identify
 F - a scroll of fear
 G - a scroll of enchant armour
Potions
 l - 3 potions of heal wounds
 m - 2 potions of agility
 n - a potion of invisibility
 v - 2 potions of might
 z - a potion of cancellation
 A - 4 potions of curing
Books
 b - a book of Flames

   Spells                             Type                      Level
   a - Flame Tongue                   Conjuration/Fire             1
   b - Throw Flame                    Conjuration/Fire             2
   c - Conjure Flame                  Conjuration/Fire             3
   d - Inner Flame                    Hexes/Fire                   3
   e - Sticky Flame                   Conjuration/Fire             4
   f - Fireball                       Conjuration/Fire             5
Comestibles
 c - 7 bread rations
 d - 5 meat rations


   Skills:
 + Level 4.9(4.5) Long Blades
 - Level 2.4(2.0) Dodging
 - Level 2.4(2.0) Stealth
 + Level 13.0(12.5) Spellcasting
 + Level 10.3(9.8) Conjurations
 + Level 10.3(9.8) Fire Magic


You had 21 spell levels left.
You knew the following spells:

 Your Spells              Type           Power        Failure   Level  Hunger
a - Flame Tongue          Conj/Fire      #####        1%          1    None
b - Throw Flame           Conj/Fire      ######       1%          2    None
c - Conjure Flame         Conj/Fire      #######.     1%          3    None
d - Sticky Flame          Conj/Fire      #######.     1%          4    None
e - Fireball              Conj/Fire      #######...   3%          5    ###....


Dungeon Overview and Level Annotations

Branches:
Dungeon (11/15)            Temple (1/1) D:4             Orc (1/2) D:9
   Lair: D:8-11

Altars:
Ashenzari
Cheibriados
Dithmenos
Elyvilon
Fedhas
Gozag
Hepliaklqana
Kikubaaqudgha
Makhleb
Nemelex Xobeh
Okawaru
Pakellas
Qazlal
Ru
Sif Muna
Trog
Uskayaw
Vehumet
Xom
Yredelemnul
Zin
The Shining One

Shops:
D:4 =

Annotations:
D:9 Snorg


Innate Abilities, Weirdness & Mutations

You have sharp toenails.
You are partially covered in icy blue scales. (AC +1)
You are partially covered in large bone plates. (AC +2, SH +2)
You are partially covered in rugged brown scales. (AC +1, +3% HP)
You possess an exceptional clarity of mind.
Your spells are a little harder to cast, but a little more powerful.


Message History

* * * LOW HITPOINT WARNING * * *
Snorg claws you.
* * * LOW HITPOINT WARNING * * *
Snorg burns!
You feel much better.
Snorg burns!
Snorg bites you but does no damage.
You block Snorg's attack. x2; Snorg bites you.
Snorg barely misses you. Snorg claws you!
* * * LOW HITPOINT WARNING * * *
Unknown command.
As you read the scroll of fear, it crumbles to dust.
You assume a fearsome visage.
Snorg easily resists.
Roby is unaffected.
Snorg burns!
Snorg bites you but does no damage. Snorg barely misses you.
Snorg claws you but does no damage.
Snorg burns!
Snorg bites you.
* * * LOW HITPOINT WARNING * * *
Snorg claws you!
* * * LOW HITPOINT WARNING * * *
Snorg claws you.
You die...

.........### #.....8.....#.[.)..
#.######## ##...........#.###.#
..# ##..............# #[# .##
#..8....>)...8..# #.# '#####
#......)..())).## #.. .....#
#.#...R)......######' .....#
#)#.....8[.(..##.....
.....########.####....(#####.....
.....##.........@T....(##..#.....
.....#..#####..........###.#.....
.....#.## #.<........# #.'.....
.....'># #..........# ###.....
.....### ######.##### ######
.##### #...# ...### ###.#####
###### .....# #...R...#### #.....
..)..#########..).......# #.....


You could see Snorg (berserk).

Vanquished Creatures
  Erolcha (D:8)
  Erica (D:8)
  An orc high priest (Orc:1)
  A hill giant (D:9)
  Pikel (D:5)
  Psyche (D:8)
  Grinder (D:5)
  A troll (D:9)
  Sigmund (D:4)
  A hungry ghost (D:8)
  A warg (D:9)
  Menkaure (D:4)
  A hell hound (D:10)
  4 orc warriors
  A slave (D:5)
  A necrophage (D:6)
  An ice beast (D:7)
  A sky beast (D:7)
  4 ogres
  4 big kobolds
  2 giant frogs (D:8)
  11 killer bees
  4 wights (D:7)
  A howler monkey (D:5)
  A crimson imp (D:8)
  A centaur zombie (D:5)
  A quasit (D:7)
  2 orc priests
  Crazy Yiuf (D:5)
  3 hounds
  3 jellies
  6 orc wizards
  6 worker ants
  17 gnolls
  11 adders
  2 shadow imps (D:7)
  An ooze (D:1)
  An adder zombie (D:9)
  An adder skeleton (D:5)
  4 worms
  6 dart slugs
  8 giant geckos
  27 orcs
  6 giant cockroaches
  38 goblins
  27 hobgoblins
  4 jackals
  23 kobolds
  6 quokkas
  A ball python (D:3)
  8 bats
  6 giant newts
  5 rats
273 creatures vanquished.

Vanquished Creatures (collateral kills)
  A centaur skeleton (D:10)
  A sky beast (D:4)
  A black bear (D:8)
  A phantom (D:5)
  2 ogres
  A crocodile (D:9)
  A centaur (D:7)
  2 big kobolds
  A giant frog (D:8)
  A wyvern skeleton (D:7)
  A howler monkey (D:10)
  An orc priest (D:7)
  An orc wizard (D:7)
  5 gnolls
  2 giant geckos (D:7)
  5 orcs
  3 goblins (D:4)
  3 hobgoblins (D:4)
  4 kobolds
37 creatures vanquished.

Vanquished Creatures (others)
  A necrophage (D:5)
  A hexer (D:9)
2 creatures vanquished.

Grand Total: 312 creatures vanquished

Notes
Turn   | Place    | Note
-------+----------+-------------------------------------------
     0 | D:1      | Musica the Deep Elf Fire Elementalist began the quest for the Orb.
     0 | D:1      | Reached XP level 1. HP: 10/10 MP: 6/6
   120 | D:1      | Reached XP level 2. HP: 11/15 MP: 1/8
   131 | D:1      | Learned a level 2 spell: Throw Flame
   566 | D:1      | Reached XP level 3. HP: 19/19 MP: 6/10
   576 | D:1      | Learned a level 3 spell: Conjure Flame
   961 | D:2      | Reached skill level 4 in Spellcasting
  1235 | D:2      | Reached XP level 4. HP: 24/24 MP: 9/12
  1246 | D:2      | Learned a level 4 spell: Sticky Flame
  1542 | D:2      | Gained mutation: You are partially covered in rugged brown scales. (AC +1, +3% HP) [potion of beneficial mutation]
  2037 | D:2      | Reached XP level 5. HP: 28/28 MP: 11/13
  2438 | D:3      | Found a sacrificial altar of Ru.
  2671 | D:5      | Entered Level 5 of the Dungeon
  2696 | D:5      | Noticed an ogre
  2703 | D:5      | Reached skill level 5 in Spellcasting
  2710 | D:5      | Killed an ogre
  2710 | D:5      | Reached XP level 6. HP: 32/32 MP: 0/16
  2894 | D:4      | Reached skill level 5 in Conjurations
  3022 | D:4      | Found a staircase to the Ecumenical Temple.
  3022 | D:4      | Found Ipomo's Jewellery Shoppe.
  3028 | D:4      | Got a smoking long sword
  3029 | D:4      | Identified the +12 long sword "Pollargh" {pain, Dex+3} (You found it on level 4 of the Dungeon)
  3034 | D:4      | Noticed Menkaure
  3038 | D:4      | Killed Menkaure
  3038 | D:4      | Reached skill level 6 in Spellcasting
  3038 | D:4      | Reached skill level 5 in Fire Magic
  3048 | D:4      | Reached skill level 1 in Long Blades
  3048 | D:4      | Reached XP level 7. HP: 21/37 MP: 8/18
  3064 | Temple   | Entered the Ecumenical Temple
  3129 | Temple   | Became a worshipper of Hepliaklqana
  3458 | D:4      | Noticed Sigmund
  3463 | D:4      | Killed Sigmund
  3644 | D:4      | Reached skill level 7 in Spellcasting
  4169 | D:4      | Gained mutation: Your mind is acute. (Int +2) [mutagenic meat]
  4172 | D:4      | Gained mutation: Your mind is very acute. (Int +4) [mutagenic meat]
  4175 | D:4      | Gained mutation: Your body sometimes deteriorates upon taking damage. [mutagenic meat]
  4178 | D:4      | Gained mutation: Potions and wands are less effective at restoring your health. [mutagenic meat]
  4290 | D:4      | Reached XP level 8. HP: 39/42 MP: 14/21
  4294 | D:4      | Reached skill level 8 in Spellcasting
  4722 | D:5      | Lost mutation: Your mind is very acute. (Int +4) [potion of cure mutation]
  4722 | D:5      | Lost mutation: Potions and wands are less effective at restoring your health. [potion of cure mutation]
  4722 | D:5      | Lost mutation: Your body sometimes deteriorates upon taking damage. [potion of cure mutation]
  4722 | D:5      | Lost mutation: Your mind is acute. (Int +2) [potion of cure mutation]
  4772 | D:5      | Noticed Grinder
  4786 | D:5      | Killed Grinder
  4962 | D:5      | Found an oddly glowing altar of Pakellas.
  4973 | D:5      | Reached skill level 9 in Spellcasting
  5065 | D:5      | Reached * piety under Hepliaklqana
  5194 | D:5      | Noticed Pikel
  5204 | D:5      | Killed Pikel
  5204 | D:5      | Reached XP level 9. HP: 22/46 MP: 19/24
  5323 | D:5      | Found a runed door.
  5328 | D:5      | Noticed Crazy Yiuf
  5332 | D:5      | Killed Crazy Yiuf
  5544 | D:6      | Found a glowing golden altar of the Shining One.
  5545 | D:6      | Found a blossoming altar of Fedhas.
  5545 | D:6      | Found an iron altar of Okawaru.
  5545 | D:6      | Found a shadowy altar of Dithmenos.
  5545 | D:6      | Found a deep blue altar of Sif Muna.
  5546 | D:6      | Found a white marble altar of Elyvilon.
  5546 | D:6      | Found a burning altar of Makhleb.
  5589 | D:6      | Reached skill level 10 in Spellcasting
  5838 | D:6      | Learned a level 5 spell: Fireball
  5967 | D:6      | Found a snail-covered altar of Cheibriados.
  6237 | D:7      | Found a shattered altar of Ashenzari.
  6294 | D:7      | Reached ** piety under Hepliaklqana
  6295 | D:7      | Remembered your ancestor Roby as a hexer
  6349 | D:7      | Reached skill level 11 in Spellcasting
  6361 | D:7      | Gained mutation: You possess an exceptional clarity of mind. [mutagenic meat]
  6364 | D:7      | Gained mutation: You are partially covered in large bone plates. (AC +2, SH +2) [mutagenic meat]
  6367 | D:7      | Gained mutation: Your spells are a little harder to cast, but a little more powerful. [mutagenic meat]
  6370 | D:7      | Gained mutation: You have sharp toenails. [mutagenic meat]
  6373 | D:7      | Gained mutation: You are partially covered in icy blue scales. (AC +1) [mutagenic meat]
  6833 | D:8      | Noticed Erica
  6860 | D:8      | Noticed Psyche
  6946 | D:8      | Killed Erica
  6946 | D:8      | Reached XP level 10. HP: 51/51 MP: 14/27
  6951 | D:8      | Noticed Erolcha
  6955 | D:8      | Killed Erolcha
  7033 | D:8      | Killed Psyche
  7033 | D:8      | Reached skill level 12 in Spellcasting
  7492 | D:9      | Noticed a hill giant
  7662 | D:9      | Killed a hill giant
  7707 | D:10     | Entered Level 10 of the Dungeon
  7982 | D:9      | Reached skill level 10 in Conjurations
  7991 | D:9      | Found a staircase to the Orcish Mines.
  8078 | D:9      | Reached skill level 10 in Fire Magic
  8349 | D:10     | Reached XP level 11. HP: 55/55 MP: 29/29
  8389 | Orc:1    | Entered Level 1 of the Orcish Mines
  8389 | Orc:1    | Noticed an orc high priest
  8397 | Orc:1    | Noticed an orc sorcerer
  8699 | Orc:1    | Killed an orc high priest
  8699 | Orc:1    | Reached skill level 13 in Spellcasting
  8701 | Orc:1    | Noticed Snorg
  8854 | D:9      | HP: 2/55 [Snorg (9)]
  8854 | D:9      | Slain by Snorg

Vault maps used:
D:1:      lemuel_arrival_cross, kennysheep_nondescript
D:3:      nicolae_ru_great_annihilating_truth
D:4:      minmay_goblin_kobold_castle, serial_shops, shop, first_bread,
          uniq_menkaure, uniq_sigmund
D:5:      grunt_pakellas_mercury, uniq_pikel, uniq_grinder,
          uniq_crazy_yiuf_cottage
D:6:      cheibrodos_worm_habitat, grunt_temple_overflow_open
D:7:      lemuel_crystal_altar
D:8:      uniq_erolcha, uniq_erica, uniq_psyche
D:9:      david_orc_2
D:10:     minmay_lair_entry_lava
D:11:     grunt_livestock
Temple:   jpeg_temple_clearing
Orc:1:    basic_altar, guppyfry_library_mini, uniq_snorg

Skill      XL: |  1  2  3  4  5  6  7  8  9 10 11 |
---------------+----------------------------------+-----
Conjurations   | 2 3 4 5 7 8 10 | 10.3
Spellcasting   | 4 5 6 7 9 11 12 13 | 13.0
Fire Magic     | 4 5 7 9 10 | 10.3
Long Blades    | 1 2 3 4 |  4.9
Dodging        | |  2.4
Stealth        | |  2.4

Action                   |  1- 3 |  4- 6 |  7- 9 | 10-12 || total
-------------------------+-------+-------+-------+-------++-------
Melee: Unarmed           |    17 |       |       |       ||    17
       Long sword        |       |       |    99 |    91 ||   190
Throw: Tomahawk          |       |     3 |     3 |       ||     6
 Cast: Flame Tongue      |    59 |    99 |   189 |    75 ||   422
       Throw Flame       |    13 |    13 |    10 |     7 ||    43
       Conjure Flame     |       |     5 |     8 |     2 ||    15
       Sticky Flame      |       |       |    12 |    10 ||    22
       Fireball          |       |       |     1 |    11 ||    12
Invok: Ancestor Identity |       |       |     1 |       ||     1
       Recall Ancestor   |       |       |     1 |     3 ||     4
       Ancestor Life: He |       |       |     1 |       ||     1
  Use: Scroll            |     8 |       |     7 |     4 ||    19
       Potion            |       |     3 |     8 |     6 ||    17
 Stab: Distracted        |       |       |     1 |     1 ||     2
       Confused          |       |       |     2 |     2 ||     4
       Sleeping          |       |       |     2 |     1 ||     3
       Invisible         |       |       |     2 |       ||     2
  Eat: Chunk             |     1 |     5 |    15 |     3 ||    24
       Beef jerky        |       |     1 |       |       ||     1
       Meat ration       |       |       |     2 |       ||     2
       Fruit             |       |       |       |     3 ||     3
Armor: Robe              |     1 |     8 |    51 |    49 ||   109
       Skin              |       |       |       |     3 ||     3
Dodge: Dodged            |    30 |    26 |    71 |    78 ||   205
Block: Other             |       |       |     8 |    42 ||    50
